 Dungeon Crawl Stone Soup version 0.28.0 (webtiles) character file.

Game seed: 14349389693340872814

12267 BeingJoeMalik the Spear-Bearer (level 11, -22/108 HPs)
             Began as a Purple Draconian Fighter on Feb 15, 2022.
             Was a High Priest of Okawaru.
             Annihilated by Rupert (23 damage)
             ... on level 12 of the Dungeon.
             The game lasted 00:42:31 (14594 turns).

BeingJoeMalik the Spear-Bearer (DrFi)              Turns: 14594, Time: 00:42:33

Health: -22/108    AC: 11    Str: 16 (17) XL:     11   Next: 60%
Magic:  9/11       EV: 15    Int:  5 (7)  God:    Okawaru [*****.]
Gold:   776        SH: 15    Dex: 13 (16) Spells: 10/10 levels left

rFire   . . .      SeeInvis +   a - +1 trident (vamp)
rCold   + . .      Faith    .   r - +2 kite shield {reflect}
rNeg    + . .      Spirit   .   (armour unavailable)
rPois   .          Reflect  +   (helmet restricted)
rElec   +          Harm     .   y - +0 cloak
rCorr   +          Rampage  .   w - +0 pair of gloves
Will    .....                   l - +1 pair of boots of the Stag {rElec rN+ Will- SInv}
Stlth   ++++......              (no amulet)
HPRegen 0.28/turn               G - ring of resist corrosion
MPRegen 0.12/turn               o - ring of protection from cold

@: short of breath, heroic, flying
A: breathe power, AC +7, unfitting armour, cold-blooded, big wings, thin
skeletal structure 1, dopey 1, robust 1, screaming 1, weak 1, no potion heal 1
a: Breathe Dispelling Energy, Renounce Religion, Heroism, Finesse, Duel


You were on level 12 of the Dungeon.
You worshipped Okawaru.
Okawaru was extremely pleased with you.
You visited 2 branches of the dungeon, and saw 13 of its levels.

You collected 776 gold pieces.

Inventory:

Hand Weapons
 a - a +1 vampiric trident (weapon)
 k - a +5 quarterstaff
Missiles
 g - 8 poisoned darts
 H - 5 silver javelins (quivered)
Armour
 b - a +0 buckler
 i - a +0 tower shield
 l - the +1 pair of boots of the Stag (worn) {rElec rN+ Will- SInv}
   (You found it on level 5 of the Dungeon)

   rElec:     It insulates you from electricity.
   rN:        It protects you from negative energy.
   SInv:      It lets you see invisible.
   Will:      It decreases your willpower.
 r - a +2 kite shield of reflection (worn)
 w - a +0 pair of gloves (worn)
 y - a +0 cloak (worn)
 J - the +0 pair of boots "Woagisio" {Dex+2}
   (Okawaru gifted it to you on level 11 of the Dungeon)

   Dex:       It affects your dexterity (+2).
Jewellery
 c - a ring of ice
 n - a ring of magical power
 o - a ring of protection from cold (right hand)
 t - a ring of flight
 G - a ring of resist corrosion (left hand)
 L - an amulet of faith
Wands
 m - a wand of flame (18)
 x - a wand of iceblast (8)
 z - a wand of digging (6)
Scrolls
 e - 3 scrolls of enchant weapon
 u - a scroll of fog
 v - 2 scrolls of fear
 A - 7 scrolls of teleportation
Potions
 d - 3 potions of mutation
 f - 2 potions of curing
 h - 2 potions of flight
 p - a potion of magic
 s - a potion of haste
 B - 3 potions of might
 D - a potion of invisibility
 F - a potion of resistance


   Skills:
 + Level 10.0(15.0) Fighting
 - Level 14.2(19.2) Polearms
 + Level 4.9(9.9) Dodging
 * Level 10.1(15.1) Shields


You had 10 spell levels left.
You didn't know any spells.
Your spell library contained the following spells:

 Spells                   Type           Power      Damage    Failure   Level
 Blink                    Tloc           0%         N/A       80%         2
 Lesser Beckoning         Tloc           0%         N/A       95%         3
 Ozocubu's Armour         Ice            0%         N/A       95%         3
 Stone Arrow              Conj/Erth      0%         3d7       95%         3
 Cause Fear               Hex            0%         N/A       100%        4
 Manifold Assault         Tloc           0%         N/A       100%        5
 Dragon Form              Tmut           0%         N/A       100%        7
 Orb of Destruction       Conj           0%         9d5       100%        7
 Ozocubu's Refrigeration  Ice            0%         4d5       100%        7
 Lehudib's Crystal Spear  Conj/Erth      0%         10d2      100%        8
 Summon Guardian Golem    Hex/Summ       Unusable   N/A       N/A         3
 Animate Armour           Summ/Erth      Unusable   N/A       N/A         4
 Spellforged Servitor     Conj/Summ      Unusable   N/A       N/A         7
 Dragon's Call            Summ           Unusable   N/A       N/A         9

Dungeon Overview and Level Annotations

Branches:
Dungeon (12/15)            Temple (1/1) D:4            Lair (0/6) D:8
    Orc (0/2) D:12

Altars:
Ashenzari
Cheibriados
Dithmenos
Elyvilon
Fedhas
Gozag
Hepliaklqana
Kikubaaqudgha
Makhleb
Nemelex Xobeh
Okawaru
Qazlal
Ru
Sif Muna
Trog
Uskayaw
Vehumet
Wu Jian
Xom
Yredelemnul
Zin
The Shining One
Jiyva

Shops:
D:7 [

Annotations:
D:11 2 transporters, Kirke
D:12 2 runed translucent doors, Rupert; sasquatch's ghost, journeyman MfGl


Innate Abilities, Weirdness & Mutations

You can breathe bolts of dispelling energy.
Your rich purple scales are hard. (AC +7)
You cannot fit into any form of body armour.
You are cold-blooded and may be slowed by cold attacks.
Your large and strong wings let you fly.
You have a somewhat thin skeletal structure. (Dex +2, Stealth+)
You are dopey. (Int -2)
You are robust. (+10% HP)
You occasionally shout uncontrollably at your foes.
You are weak. (Str -2)
Potions are less effective at restoring your health.


Message History

Okay, then.
Unknown command.
You gain the combat prowess of a mighty hero.
Rupert closely misses you.
Unknown command.
You puncture Rupert!
Rupert is moderately wounded.
You block Rupert's attack.
You hit Rupert.
Your tail-slap misses Rupert.
Rupert is moderately wounded.
Rupert closely misses you.
You hit Rupert.
Rupert is moderately wounded.
Rupert hits you with a +2 battleaxe of freezing!!
Rupert freezes you.
You puncture Rupert! You tail-slap Rupert.
Rupert is moderately wounded.
Rupert closely misses you.
You puncture Rupert!
You feel better.
You tail-slap Rupert.
Rupert is heavily wounded.
Rupert is no longer covered in acid.
Rupert hits you with a +2 battleaxe of freezing!!
Rupert freezes you.
You barely miss Rupert. You tail-slap Rupert.
Rupert is heavily wounded.
Rupert hits you with a +2 battleaxe of freezing!!
Rupert freezes you.
* * * LOW HITPOINT WARNING * * *
You hit Rupert.
Rupert is heavily wounded.
You block Rupert's attack.
You puncture Rupert!
Rupert is heavily wounded.
Rupert hits you with a +2 battleaxe of freezing!!
* * * LOW HITPOINT WARNING * * *
Rupert freezes you.
* * * LOW HITPOINT WARNING * * *
Rupert hits you with a +2 battleaxe of freezing!!
You die...
Xom guffaws!

##$.##### .......?.
#.....$.. #........
#....[... #### #.?......
.....###########........
...............@@........
............#######).#####
.#########..# ..#
.#########..# ....
............# .....
#####..###### #......
#####..# ......
.......##### .D ......
...........# ..D


You could see Rupert (berserk).

Vanquished Creatures
  A hydra (D:10)
  Erolcha (D:11)
  A two-headed ogre (D:9)
  Sonja (D:12)
  Pikel (D:5)
  A manticore (D:11)
  A black mamba (D:10)
  Maggie (D:7)
  A komodo dragon (D:11)
  Psyche (D:9)
  A troll (D:11)
  A hornet (D:8)
  A wyvern (D:8)
  3 wraiths
  6 hogs
  2 steam dragons
  6 yaks
  A water moccasin (D:7)
  6 orc warriors
  3 sky beasts
  An ice beast (D:6)
  A black bear (D:5)
  8 centaurs
  A necrophage (D:7)
  A phantom (D:7)
  Blork the orc (D:5)
  A kobold brigand (D:7)
  A bullfrog (D:7)
  A wyvern zombie (D:7)
  2 scorpions
  A water moccasin zombie (D:6)
  8 wights (D:8)
  A bullfrog zombie (D:7)
  6 centaur zombies
  5 hounds
  A jelly (D:5)
  2 orc priests
  3 iguanas
  Terence (D:2)
  9 orc wizards
  2 hound skeletons
  A howler monkey zombie (D:9)
  4 gnolls (D:5)
  A howler monkey skeleton (D:6)
  5 adders
  3 shadow imps
  An ufetubus (D:6)
  A worm (D:4)
  4 dart slugs
  23 orcs
  5 endoplasms
  A giant cockroach (D:2)
  5 goblins
  9 hobgoblins
  2 jackals (D:1)
  3 quokkas
  3 ball pythons
  4 bats (D:1)
  5 frilled lizards
  8 kobolds
  4 rats
  A spectral kobold (D:1)
190 creatures vanquished.

Vanquished Creatures (collateral kills)
  2 orcs (D:3)
  A kobold (D:3)
3 creatures vanquished.

Vanquished Creatures (others)
  Erica (D:9)
  A yak (D:9)
  11 plants
13 creatures vanquished.

Grand Total: 206 creatures vanquished

Notes
Turn   | Place    | Note
-------+----------+-------------------------------------------
     0 | D:1      | BeingJoeMalik the Draconian Fighter began the quest for the
                  | Orb.
     0 | D:1      | Reached XP level 1. HP: 19/19 MP: 1/1
   538 | D:1      | Reached XP level 2. HP: 26/26 MP: 2/2
   622 | D:1      | Reached skill level 3 in Polearms
  1049 | D:1      | Found a faded altar of an unknown god.
  1058 | D:1      | Prayed at the altar of an unknown god.
  1058 | D:1      | Became a worshipper of Xom of Many Doors
  1120 | D:2      | XOM: silly message
  1222 | D:2      | XOM: silly message
  1226 | D:2      | XOM: silly message
  1377 | D:2      | Noticed Terence
  1393 | D:2      | Killed Terence
  1394 | D:2      | Reached skill level 4 in Polearms
  1394 | D:2      | Reached XP level 3. HP: 18/31 MP: 3/3
  1428 | D:2      | XOM: give mutations
  1428 | D:2      | Gained mutation: Potions are less effective at restoring
                  | your health. [Xom's mischief]
  1428 | D:2      | Gained mutation: You are strong-willed. (Will+) [Xom's
                  | mischief]
  1428 | D:2      | Gained mutation: You occasionally shout uncontrollably at
                  | your foes. [Xom's mischief]
  1643 | D:2      | Reached XP level 4. HP: 38/38 MP: 4/4
  2002 | D:2      | XOM: god gift: wand of acid (5)
  2151 | D:3      | XOM: summons 4 friendly demons
  2600 | D:3      | Reached skill level 5 in Polearms
  2605 | D:3      | XOM: summons 1 hostile demon
  2722 | D:3      | Noticed a sky beast
  2741 | D:3      | XOM: silly message
  2744 | D:3      | Killed a sky beast
  2745 | D:3      | Reached XP level 5. HP: 45/45 MP: 5/5
  2835 | D:3      | XOM: 2-stop teleportation journey
  3289 | D:4      | Found a staircase to the Ecumenical Temple.
  3299 | Temple   | Entered the Ecumenical Temple
  3368 | Temple   | Fell from the grace of Xom
  3369 | Temple   | Became a worshipper of Warmaster Okawaru
  3544 | D:4      | Reached skill level 6 in Polearms
  4047 | D:4      | XOM: scenery: create altars
  4087 | D:4      | Found a hazy altar of Hepliaklqana.
  4088 | D:4      | Found a faded altar of an unknown god.
  4095 | D:4      | Reached XP level 6. HP: 41/51 MP: 6/6
  4255 | D:4      | Found a glowing silver altar of Zin.
  4255 | D:4      | Noticed an angel
  4288 | D:5      | Entered Level 5 of the Dungeon
  4362 | D:5      | Noticed Blork the orc
  4376 | D:5      | Killed Blork the orc
  4395 | D:5      | XOM: 1-stop teleportation journey
  4638 | D:5      | Noticed an orc warrior
  4658 | D:5      | Reached skill level 7 in Polearms
  4692 | D:5      | Reached skill level 14 in Polearms
  4692 | D:5      | Your scales start taking on a rich purple colour.
  4692 | D:5      | Reached XP level 7. HP: 9/57 MP: 7/7
  5024 | D:5      | Reached * piety under Okawaru
  5039 | D:5      | Reached XP level 8. HP: 42/63 MP: 8/8
  5190 | D:5      | Identified the +1 pair of boots of the Stag {rElec rN+
                  | Will- SInv}
  5416 | D:5      | Noticed Pikel
  5449 | D:5      | Killed Pikel
  5883 | D:6      | XOM: noise
  6028 | D:6      | Reached ** piety under Okawaru
  6326 | D:6      | Reached XP level 9. HP: 72/72 MP: 9/9
  6685 | D:6      | XOM: noise
  6799 | D:7      | Noticed Maggie
  6818 | D:7      | Killed Maggie
  6818 | D:7      | Reached *** piety under Okawaru
  6819 | D:7      | Reached skill level 5 in Fighting
  6819 | D:7      | Reached skill level 5 in Shields
  6995 | D:7      | Found Leic's Armour Emporium.
  6995 | D:7      | XOM: 4-stop teleportation journey
  7105 | D:7      | XOM: noise
  7128 | D:7      | You are sucked into a shaft and drop 3 floors!
  7128 | D:10     | Entered Level 10 of the Dungeon
  7219 | D:10     | XOM: 2-stop teleportation journey
  7269 | D:9      | Found an opulent altar of Gozag.
  7272 | D:9      | Found an opulent altar of Gozag.
  7272 | D:9      | Found an opulent altar of Gozag.
  7278 | D:9      | Found an opulent altar of Gozag.
  7285 | D:9      | Noticed Psyche
  7345 | D:9      | Killed Psyche
  7359 | D:9      | Reached **** piety under Okawaru
  7425 | D:10     | XOM: silly message
  7833 | D:8      | XOM: noise
  7835 | D:8      | Found a staircase to the Lair.
  7884 | D:8      | Reached XP level 10. HP: 74/86 MP: 10/10
  8652 | D:7      | Reached ***** piety under Okawaru
  9504 | D:8      | XOM: give mutations
  9504 | D:8      | Gained mutation: Your large and strong wings let you fly.
                  | [Xom's mischief]
  9504 | D:8      | Gained mutation: You frequently scream uncontrollably at
                  | your foes. [Xom's mischief]
  9601 | D:9      | Paralysed by a hornet for 2 turns
  9987 | D:8      | Paralysed by a hornet for 3 turns
  9992 | D:8      | Paralysed by a hornet for 2 turns
  9996 | D:8      | Paralysed by a hornet for 1 turns
 10000 | D:8      | XOM: god gift: 55 gold pieces
 10086 | D:8      | XOM: give mutations
 10086 | D:8      | Gained mutation: You are dopey. (Int -2) [Xom's mischief]
 10086 | D:8      | Gained mutation: You are weak. (Str -2) [Xom's mischief]
 10196 | D:8      | XOM: god gift: 41 gold pieces
 10325 | D:8      | Received a gift from Okawaru
 10511 | D:9      | Noticed a two-headed ogre
 10522 | D:9      | Killed a two-headed ogre
 10578 | D:9      | Noticed Erica
 10598 | D:9      | Killed Erica
 10655 | D:9      | XOM: summons 1 hostile demon
 10923 | D:10     | Noticed a black mamba
 10923 | D:10     | a yak changed into a black mamba
 10923 | D:10     | XOM: polymorph yak -> black mamba
 10932 | D:10     | Killed a black mamba
 10936 | D:10     | Identified the +6 rapier "Galit" {vorpal, *Rage rElec Will+
                  | Dex+5} (Okawaru gifted it to you on level 10 of the
                  | Dungeon)
 10936 | D:10     | Received a gift from Okawaru
 10947 | D:10     | Reached XP level 11. HP: 97/97 MP: 11/11
 10998 | D:10     | XOM: torment (55/97 hp)
 11095 | D:10     | Lost mutation: You frequently scream uncontrollably at your
                  | foes. [potion of mutation]
 11095 | D:10     | Lost mutation: You are strong-willed. (Will+) [potion of
                  | mutation]
 11095 | D:10     | Gained mutation: You have a somewhat thin skeletal
                  | structure. (Dex +2, Stealth+) [potion of mutation]
 11095 | D:10     | Gained mutation: You are robust. (+10% HP) [potion of
                  | mutation]
 11212 | D:10     | Noticed a four-headed hydra
 11224 | D:10     | Killed a four-headed hydra
 11938 | D:11     | Found a transporter.
 12035 | D:11     | XOM: 2-stop teleportation journey
 12063 | D:11     | Noticed a two-headed ogre
 12661 | D:11     | XOM: summons 1 hostile demon
 12661 | D:11     | Was forgiven by Xom
 12748 | D:11     | Found a transporter.
 12748 | D:11     | Found a viscous altar of Jiyva.
 12845 | D:11     | Noticed Erolcha
 12851 | D:11     | Killed Erolcha
 13297 | D:12     | Noticed a two-headed ogre
 13341 | D:12     | Noticed Sonja
 13341 | D:12     | Noticed Kirke
 13385 | D:11     | Identified the +0 pair of boots "Woagisio" {Dex+2} (Okawaru
                  | gifted it to you on level 11 of the Dungeon)
 13385 | D:11     | Received a gift from Okawaru
 13840 | D:12     | Killed Sonja
 13841 | D:12     | Reached skill level 10 in Fighting
 13841 | D:12     | Reached skill level 10 in Shields
 14053 | D:12     | HP: 1/108 [hog[Kirke] (13)]
 14064 | D:12     | Found a staircase to the Orcish Mines.
 14548 | D:12     | Found a runed translucent gate.
 14550 | D:12     | Found a runed translucent gate.
 14552 | D:12     | Noticed sasquatch's ghost (journeyman MfGl)
 14554 | D:12     | Noticed an 11-headed hydra
 14580 | D:12     | Noticed Rupert
 14594 | D:12     | HP: 3/108 [Rupert (29)]
 14594 | D:12     | HP: 1/108 [Rupert (2)]
 14594 | D:12     | Annihilated by Rupert

Illustrated notes

Levels and vault maps discovered:
D:1:      matt_arrival_spirals, layout_loops_corners,
          dreamdust_ecumenical_altar_drowned_temple
D:2:      layout_basic, hangedman_decor_points, uniq_terence
D:3:      layout_loops_corners, serial_aquarium, aquarium_bridge_square
          [aquarium_subvault_bridge, aquarium_subvault_wall,
          aquarium_subvault_wall, aquarium_subvault_bridge],
          aquarium_bridge_square [aquarium_subvault_wall,
          aquarium_subvault_wall, aquarium_subvault_wall,
          aquarium_subvault_bridge], aquarium_window_1, aquarium_window_fake,
          aquarium_view_2g, aquarium_pool_four, st_stairs_11
D:4:      layout_loops_cross, zin_angel, beargit_hepliaklqana_dungeon_heroes,
          minmay_temple_entry_drinking_statues, minmay_bent
D:5:      layout_loops_ring, uniq_blork_the_orc, uniq_pikel
D:6:      layout_basic
D:7:      layout_basic, serial_shops, nicolae_stop_n_shop_1,
          grunt_ministairs_14, serial_bayou_pond_c, minmay_misc_feat_square,
          uniq_maggie
D:8:      layout_basic, dpeg_oklobed_lair
D:9:      layout_rooms, nicolae_gozag_conspicuous_consumption, uniq_psyche,
          uniq_erica
D:10:     layout_stronghold
D:11:     gammafunk_jiyva_shrine, layout_irregular_city, grunt_ministairs_4,
          uniq_erolcha
D:12:     layout_long_grid, orc_0_dummy, special_room [special_room_bee],
          gammafunk_ghost_hydra_chop, uniq_jorgrun, uniq_kirke, uniq_rupert,
          uniq_sonja, uniq_nessos
Temple:   mainiacjoe_temple_bowtie_tessellation

Skill      XL: |  1  2  3  4  5  6  7  8  9 10 11 |
---------------+----------------------------------+-----
Polearms       | 4 5 6 14 | 14.2
Fighting       | 4 7 9 10 | 10.0
Shields        | 4 6 8 10 | 10.1
Dodging        | 3 4 |  4.9

Action                   |  1- 3 |  4- 6 |  7- 9 | 10-12 || total
-------------------------+-------+-------+-------+-------++-------
Melee: Trident           |    83 |   124 |   269 |   438 ||   914
       Tailslap          |     5 |    20 |    39 |    81 ||   145
       Unarmed           |       |       |    10 |     2 ||    12
Throw: Dart              |       |       |     2 |    24 ||    26
       Javelin           |       |       |       |     3 ||     3
Invok: Renounce Religion |       |     1 |       |       ||     1
       Heroism           |       |       |       |     4 ||     4
 Abil: Breathe Dispellin |       |       |    15 |    18 ||    33
Evoke: Wand              |       |     3 |     3 |    10 ||    16
  Use: Scroll            |       |    13 |     6 |     7 ||    26
       Potion            |       |     2 |     1 |    12 ||    15
 Stab: Sleeping          |     3 |       |     1 |     1 ||     5
       Petrified         |       |       |     8 |       ||     8
       Confused          |       |       |     1 |       ||     1
Armor: Skin              |    22 |    16 |    67 |    93 ||   198
Dodge: Dodged            |    34 |    34 |   108 |   160 ||   336
Block: Buckler           |     8 |     6 |    40 |    22 ||    76
       Kite shield       |       |       |       |   202 ||   202
       Reflection        |       |       |       |    17 ||    17
